 Dungeon Crawl Stone Soup version 0.28-a0-1182-g381e24db82 (webtiles) character file.

Game seed: 6054454514487398524

158 ChaosChampion the Magician (level 5, -1/28 HPs)
             Began as a Deep Elf Conjurer on Dec 17, 2021.
             Slain by an adder (3 damage)
             ... on level 2 of the Dungeon.
             The game lasted 00:01:55 (1903 turns).

ChaosChampion the Magician (Deep Elf Conjurer)      Turns: 1903, Time: 00:01:56

Health: -1/28      AC:  2    Str:  4    XL:     5   Next: 16%
Magic:  1/15       EV: 12    Int: 25    God:
Gold:   27         SH:  0    Dex: 13    Spells: 13/16 levels left

rFire   . . .      SeeInvis .   (no weapon)
rCold   . . .      Faith    .   (no shield)
rNeg    . . .      Spirit   .   a - +0 robe
rPois   .          Reflect  .   (no helmet)
rElec   .          Harm     .   (no cloak)
rCorr   .          Rampage  .   (no gloves)
Will    .....                   (no boots)
Stlth   ++........              (no amulet)
HPRegen 0.09/turn               (no ring)
MPRegen 0.14/turn               (no ring)

@: no status effects
A: no striking features
a: no special abilities


You were on level 2 of the Dungeon.
You visited 1 branch of the dungeon, and saw 3 of its levels.

You collected 27 gold pieces.

Inventory:

Armour
 a - a +0 robe (worn)
Scrolls
 b - a scroll of magic mapping {unknown}
 f - a scroll of amnesia {unknown}
 g - 3 scrolls of identify {unknown}
 h - a scroll of teleportation {unknown}
Potions
 c - 2 potions of flight {unknown}
 d - a potion of lignification {unknown}
 e - a potion of brilliance {unknown}


   Skills:
 - Level 2.4 Dodging
 - Level 2.4 Stealth
 * Level 6.2 Spellcasting
 + Level 5.4 Conjurations


You had 13 spell levels left.
You knew the following spells:

 Your Spells              Type           Power      Damage    Failure   Level
a - Magic Dart            Conj           100%       1d8       1%          1
b - Searing Ray           Conj           68%        2d6       1%          2

Your spell library contained the following spells:

 Spells                   Type           Power      Damage    Failure   Level
 Dazzling Flash           Conj/Hex       42%        N/A       7%          3
 Ozocubu's Armour         Ice            7%         N/A       22%         3
 Fulminant Prism          Conj/Hex       10%        3d9       24%         4
 Iskenderun's Mystic Bla  Conj/Tloc      21%        2d6       24%         4
 Ozocubu's Refrigeration  Ice            3%         4d5       100%        7


Dungeon Overview and Level Annotations

Branches:
Dungeon (3/15)

Altars:
Okawaru


Message History

The black bear bites you. The black bear closely misses you.
The black bear claws you.
The searing ray hits the black bear.
The black bear is severely wounded.
The black bear closely misses you. The black bear claws you.
The black bear barely misses you.
Casting: Searing Ray (safe; 1% risk of failure)
Confirm with . or Enter, or press ? or * to list all spells.
Restarting spell: Searing Ray (safe; 1% risk of failure)
Press: ? - help, Shift-Dir - straight line, f/p - black bear
Aim: a black bear (severely wounded, 85% to hit)
The searing ray hits the black bear.
The black bear is almost dead. (Press . to maintain the ray.)
The black bear goes berserk!
The searing ray hits the black bear.
The black bear is almost dead.
The black bear bites you. The black bear claws you.
* * * LOW HITPOINT WARNING * * *
The black bear claws you.
* * * LOW HITPOINT WARNING * * *
Casting: Searing Ray (safe; 1% risk of failure)
Confirm with . or Enter, or press ? or * to list all spells.
Restarting spell: Searing Ray (safe; 1% risk of failure)
Press: ? - help, Shift-Dir - straight line, f/p - black bear
Aim: a black bear (almost dead, berserk, 85% to hit)
The searing ray hits the black bear!
You kill the black bear! (Press . to maintain the ray.)
Your Spellcasting skill increases to level 6!
You have reached level 4!
You feel clever.
You have reached level 5!
Unknown command.
There is a stone staircase leading up here.
The adder closely misses you. The adder bites you but does no damage.
You climb upwards.
There is a stone staircase leading down here.
The adder bites you.
You die...

.####....#######.##.........#
............................#
....############.###.......##
.)).# #.# ##.....##
###.####### #.# ####### #
#.......# #.#### #
#######.### #....# # #...##
#>S..# # ###..###@...# #
##...#....# ###......#
###....# #....# #....# ######


You could see an adder.

Vanquished Creatures
  A black bear (D:3)
  2 adders (D:2)
  A worm (D:2)
  2 dart slugs (D:1)
  5 endoplasms (D:1)
  A giant cockroach (D:1)
  7 goblins
  5 hobgoblins
  3 quokkas
  2 ball pythons (D:1)
  4 bats
  4 kobolds
  A rat (D:2)
38 creatures vanquished.

Notes
Turn   | Place    | Note
-------+----------+-------------------------------------------
     0 | D:1      | ChaosChampion the Deep Elf Conjurer began the quest for the
                  | Orb.
     0 | D:1      | Reached XP level 1. HP: 10/10 MP: 6/6
   118 | D:1      | Reached XP level 2. HP: 12/15 MP: 5/8
   181 | D:1      | Learned a level 2 spell: Searing Ray
   209 | D:1      | Found a faded altar of an unknown god.
   438 | D:1      | Reached skill level 4 in Spellcasting
  1133 | D:2      | Reached XP level 3. HP: 19/19 MP: 6/10
  1555 | D:2      | Found an iron altar of Okawaru.
  1761 | D:2      | Reached skill level 5 in Spellcasting
  1761 | D:2      | Reached skill level 5 in Conjurations
  1892 | D:3      | Noticed a black bear
  1899 | D:3      | Killed a black bear
  1900 | D:3      | Reached skill level 6 in Spellcasting
  1900 | D:3      | Reached XP level 4. HP: 2/24 MP: 0/14
  1900 | D:3      | Reached XP level 5. HP: 2/28 MP: 0/15
  1903 | D:2      | Slain by an adder

Illustrated notes

Levels and vault maps discovered:
D:1:      amcnicky_arrival_single_pillar, layout_basic,
          dreamdust_ecumenical_altar_statues, chequers_garden
D:2:      layout_rooms, basic_altar
D:3:      layout_basic, mainiacjoe_overflow_paths, mainiacjoe_overflow_alcove_4,
          serial_shops, nicolae_shop_waterfront

Skill      XL: |  1  2  3 |
---------------+----------+-----
Spellcasting   | 4 6 |  6.2
Conjurations   | 5 |  5.4
Dodging        | |  2.4
Stealth        | |  2.4

Action                   |  1- 3 |  4- 6 || total
-------------------------+-------+-------++-------
 Cast: Magic Dart        |    75 |       ||    75
       Searing Ray       |     5 |       ||     5
Armor: Robe              |       |     1 ||     1
Dodge: Dodged            |     7 |     1 ||     8

Table legend: (Time is in decaauts)
 A = Elapsed time spent in this place.
 B = Non-inter-level travel time spent in this place.
 C = Inter-level travel time spent in this place.
 D = Time resting spent in this place.
 E = Time spent auto-exploring this place.
 F = Levels seen in this place.
 G = Mean time per level.
                   A        B        C        D        E       F      G
               +--------+--------+--------+--------+--------+-----+--------+
         Total |   1903 |   1876 |     27 |      0 |   1710 |   3 |  634.3 |
       Dungeon |   1903 |   1876 |     27 |      0 |   1710 |   3 |  634.3 |
               +--------+--------+--------+--------+--------+-----+--------+

Top non-repeatable levels by time:
     D:1: 1105 daAuts
     D:2: 764 daAuts
     D:3: 33 daAuts
